 Dungeon Crawl Stone Soup version bcrawl-1.21 (webtiles) character file.

Game seed: 10142058318204740817

12550 Foic the Unseen (level 12, -15/84 HPs)
             Began as a Kobold Rogue on Feb 16, 2020.
             Was an Elder of Lugonu.
             Demolished by a white ugly thing (35 damage)
             ... on level 10 of the Dungeon.
             The game lasted 01:03:06 (17521 turns).

Foic the Unseen (Kobold Rogue)                     Turns: 17521, Time: 01:03:06

Health: -15/84     AC:  9    Str:  7 (8)  XL:     12   Next: 21%
Magic:  16/16      EV: 23    Int: 14 (16) God:    Lugonu [****..]
Gold:   781        SH:  0    Dex: 22      Spells: 11/11 levels left

rFire    . . .     SeeInvis .   P - +2 dagger (venom)
rCold    . . .     Gourm    .   (shield restricted)
rNeg     . . .     Faith    .   T - +2 robe {MR+}
rPois    .         Spirit   .   i - +0 helmet
rElec    .         Reflect  .   p - +1 cloak
rCorr    .         Harm     .   I - +0 pair of gloves
MR       +....                  (no boots)
Stlth    ++++++....             (no amulet)
HPRegen  0.24/turn              u - +3 ring of intelligence
MPRegen  0.15/turn              x - ring of wizardry

@: no status effects
A: small, talons 2, carnivore, mutation resistance 1
a: Depart the Abyss, Bend Space, Banish, Corrupt, Renounce Religion


You were on level 10 of the Dungeon.
You worshipped Lugonu.
Lugonu was greatly pleased with you.
You were very full.

You visited 3 branches of the dungeon, and saw 13 of its levels.

You collected 835 gold pieces.
You spent 54 gold pieces at shops.

Inventory:

Hand Weapons
 a - a +3 dagger
 b - a +0 blowgun
 P - a +2 dagger of venom (weapon)
 S - a +4 dagger of chaos
Missiles
 h - 88 poisoned needles
 o - 2359 stones
 A - 228 tomahawks (quivered)
 L - 2 throwing nets {!f}
 Q - 390 poisoned tomahawks
Armour
 c - a +0 troll leather armour
 i - a +0 helmet (worn)
 p - a +1 cloak (worn)
 B - a +1 leather armour of cold resistance
 I - a +0 pair of gloves (worn)
 J - the +1 ring mail of Magic {+Blink rPois MR-}
   (You took it off an orc on level 7 of the Dungeon)

   It protects you from poison.
   It affects your resistance to hostile enchantments.
   It lets you blink.
 R - a +1 robe of positive energy
 T - a +2 robe of magic resistance (worn)
Magical Staves
 v - an uncursed staff of conjuration {unknown}
Jewellery
 m - an uncursed amulet of the gourmand
 u - a +3 ring of intelligence (left hand)
 x - a ring of wizardry (right hand)
 D - an uncursed ring of teleportation
 H - a +6 ring of intelligence
 M - an uncursed ring of fire
Wands
 f - a wand of flame (15)
 g - a wand of enslavement (15)
 O - a wand of paralysis (19)
Scrolls
 d - a scroll of vulnerability {unknown}
 j - 4 scrolls of remove curse
 k - 3 scrolls of noise {unknown}
 l - 4 scrolls of blinking {unknown}
 n - a scroll of enchant armour {unknown}
 r - 3 scrolls of magic mapping {unknown}
 t - a scroll of enchant weapon {unknown}
 w - 4 scrolls of fear {unknown}
 y - 9 scrolls of teleportation {unknown}
 z - a scroll of fog {unknown}
 F - a scroll of amnesia {unknown}
 U - a scroll of acquirement {unknown}
 V - 6 scrolls of identify
 W - a scroll of brand weapon {unknown}
Potions
 q - 5 potions of curing
 s - a potion of degeneration
 E - a potion of mutation
 G - a potion of berserk rage
 K - a potion of invisibility
 N - 2 potions of flight {unknown}
Comestibles
 e - 20 rations {!d}


   Skills:
 + Level 8.6 Fighting
 + Level 11.1 Short Blades
 + Level 0.4 Throwing
 + Level 4.9 Armour
 + Level 8.4 Dodging
 * Level 15.2 Stealth
 * Level 6.4 Invocations
 + Level 2.5 Evocations


You had 11 spell levels left.
You didn't know any spells.
Your spell library contained the following spells:

 Spells                   Type           Power        Failure   Level  Hunger
 Blink Other              Tloc           #.....       3%          1    ##.....
 Blink                    Tloc           N/A          4%          2    ###....
 Portal Projectile        Tloc           #.....       10%         3    ####...
 Teleport Other           Tloc           #.......     10%         3    ####...
 Flame Tongue             Conj/Fire      #....        12%         1    ##.....
 Ensorcelled Hibernation  Hex/Ice        #.....       17%         2    ###....
 Flaming Arrows           Chrm/Fire      #.......     17%         2    ###....
 Conjure Flame            Conj/Fire      #.......     32%         3    ####...
 Inner Flame              Hex/Fire       N/A          32%         3    ####...
 Passage of Golubria      Tloc           N/A          54%         5    ######.
 Sticky Flame             Conj/Fire      #.......     71%         4    #####..
 Fireball                 Conj/Fire      #.........   95%         5    ######.
 Borgnjor's Vile Clutch   Necr/Erth      #.........   100%        6    #######
 Darkness                 Hex            #.........   100%        6    #######
 Infestation              Hex/Tmut/Pois  #........    100%        6    #######
 Shadow Creatures         Summ           N/A          100%        6    #######
 Time Stop                Chrm/Tloc      N/A          100%        8    #######


Dungeon Overview and Level Annotations

Branches:
Dungeon (11/12)            Temple (1/1) D:4            Lair (1/6) D:9
    Orc (0/1) D:9
 Vaults: D:11-12

Altars:
Ashenzari
Cheibriados
Dithmenos
Elyvilon
Fedhas
Gozag
Hepliaklqana
Kikubaaqudgha
Lugonu
Makhleb
Nemelex Xobeh
Okawaru
Qazlal
Ru
Sif Muna
Trog
Uskayaw
Vehumet
Wu Jian
Xom
Yredelemnul
Zin
The Shining One

Shops:
D:7 [

Annotations:
D:4 1 runed door
D:5 Prince Ribbit
Lair:1 6-h hydra


Innate Abilities, Weirdness & Mutations

You are small and have problems with some larger weapons.
You have razor-sharp toenails.
You are carnivorous and can eat meat at any time.
You are somewhat resistant to further mutation.


Message History

The white ugly thing tentacle-slaps you!
The white ugly thing freezes you!!
The human moves out of view.
You hear a shout!
The white ugly thing completely misses you.
There is a stone staircase leading up here.
The white ugly thing tentacle-slaps you.
The white ugly thing freezes you!!
* * * LOW HITPOINT WARNING * * *
You climb upwards.
There is a stone staircase leading down here.
The white ugly thing barely misses you. The white ugly thing misses you.
There is a stone staircase leading up, spattered with blood here.
The white ugly thing tentacle-slaps you but does no damage.
There is a stone staircase leading up, spattered with blood here.
Okay, then.
The white ugly thing tentacle-slaps you.
* * * LOW HITPOINT WARNING * * *
The white ugly thing freezes you!!
You die...

#####.# ##...≈≈####...##
......# #....≈.([......#
##.######### #....≈≈####....#
##.# ###...# #.......# ###..#
##.# #.....# #>......#####.##
##.# #.#...# #.#...[.......#
...# #.##.#####..###<.###.###
#### #.##........# #..###.####
#.########.@###.........# #.#
###u..##.#####.# #.###
######.# #.# ###...##
########...# #.# ####......#
#.....##.#.# #.#
..##.###..###.....##.#.#####.#
..................##.#.......#
..##..#...#.#.....##.##.##.###
####......#.#.....##.##.##.#


You could see a white ugly thing.

Vanquished Creatures
  Psyche (D:9)
  A hydra (D:10)
  Erica (D:9)
  2 trolls (D:10)
  A hornet (D:8)
  A slime creature (D:8)
  2 hippogriffs
  A shadow (D:8)
  9 yaks
  Grum (D:10)
  2 wargs (D:9)
  2 crocodiles
  A water moccasin (D:8)
  8 orc warriors
  A phantom (D:4)
  8 sky beasts
  A necrophage (D:4)
  An eye of draining (D:10)
  12 ogres
  3 wolves (D:10)
  3 centaurs
  5 bullfrogs
  4 big kobolds
  A water moccasin zombie (D:7)
  6 scorpions
  4 killer bees
  A howler monkey (D:5)
  4 crimson imps
  3 bullfrog zombies
  2 quasits
  2 centaur zombies
  A hound (D:4)
  8 orc priests
  4 gnoll shamans (D:7)
  A bullfrog skeleton (D:6)
  2 centaur skeletons
  3 jellies
  Natasha (thrice) (D:4)
  5 iguanas
  14 orc wizards
  7 worker ants
  A hound zombie (D:5)
  2 hound skeletons
  2 worker ant zombies
  Robin (D:2)
  13 gnolls
  18 adders
  3 shadow imps
  An adder skeleton (D:8)
  8 worms
  2 dart slugs (D:3)
  5 leopard geckos
  50 orcs
  7 bats
  7 giant cockroaches
  11 goblins
  13 hobgoblins
  9 jackals
  14 kobolds
  6 quokkas
  3 frilled lizards
  A jackal skeleton (D:6)
  6 rats
  A bush (D:10)
  3 fungi (D:7)
  2 plants (D:7)
331 creatures vanquished.

Vanquished Creatures (others)
  An acid dragon (D:6)
  A fungus (D:7)
  4 plants (D:7)
6 creatures vanquished.

Grand Total: 337 creatures vanquished

Notes
Turn   | Place    | Note
-------+----------+-------------------------------------------
     0 | D:1      | Foic the Kobold Rogue began the quest for the Orb.
     0 | D:1      | Reached XP level 1. HP: 14/14 MP: 2/2
   123 | D:1      | Reached skill level 6 in Stealth
   133 | D:1      | Reached XP level 2. HP: 18/20 MP: 3/3
   560 | D:1      | Reached XP level 3. HP: 25/25 MP: 4/4
  1274 | D:2      | Noticed Robin
  1285 | D:2      | Reached skill level 1 in Dodging
  1652 | D:2      | Reached skill level 7 in Stealth
  1671 | D:2      | Killed Robin
  1671 | D:2      | Reached XP level 4. HP: 3/30 MP: 5/5
  2647 | D:3      | Reached XP level 5. HP: 35/35 MP: 6/6
  3124 | D:3      | Reached XP level 6. HP: 33/42 MP: 7/7
  3181 | D:3      | Noticed an ogre
  3429 | D:3      | Reached skill level 8 in Stealth
  3801 | D:2      | Gained mutation: You have razor-sharp toenails. [potion of
                  | mutation]
  3902 | D:3      | Noticed a sky beast
  3935 | D:3      | Killed a sky beast
  3935 | D:3      | Reached skill level 5 in Short Blades
  3935 | D:3      | Reached skill level 9 in Stealth
  3935 | D:3      | Reached XP level 7. HP: 13/46 MP: 8/8
  4956 | D:4      | Reached skill level 1 in Armour
  5030 | D:4      | Reached XP level 8. HP: 54/54 MP: 9/9
  5207 | D:4      | Reached skill level 10 in Stealth
  6143 | D:4      | Found a staircase to the Ecumenical Temple.
  6173 | Temple   | Entered the Ecumenical Temple
  6217 | Temple   | Became a worshipper of Lugonu the Unformed
  6313 | D:4      | Found a runed door.
  6386 | D:4      | Noticed Natasha
  6392 | D:4      | Killed Natasha
  6474 | D:4      | Noticed Natasha
  6494 | D:4      | Killed Natasha
  6598 | D:4      | Noticed Natasha
  6607 | D:4      | Killed Natasha
  6663 | D:5      | Entered Level 5 of the Dungeon
  6803 | D:5      | Reached XP level 9. HP: 59/59 MP: 10/10
  6958 | D:5      | Noticed Prince Ribbit
  7137 | D:5      | Found a white marble altar of Elyvilon.
  7198 | D:5      | Reached skill level 5 in Dodging
  7462 | D:5      | Reached skill level 5 in Fighting
  7552 | D:5      | Reached skill level 11 in Stealth
  7937 | D:5      | Found a burning altar of Makhleb.
  8513 | D:6      | Reached ** piety under Lugonu
  8513 | D:6      | Reached skill level 1 in Invocations
  9501 | D:7      | Found Izim's Armour Emporium.
  9507 | D:7      | Reached skill level 12 in Stealth
  9515 | D:7      | Bought a +0 pair of gloves for 54 gold pieces
  9558 | D:7      | Identified the +1 ring mail of Magic {+Blink rPois MR-}
 10479 | D:6      | Reached XP level 10. HP: 56/67 MP: 11/11
 12182 | D:7      | Reached *** piety under Lugonu
 12720 | D:8      | Found a hide-covered altar of Uskayaw.
 12773 | D:8      | Reached skill level 13 in Stealth
 12863 | D:8      | Found a shimmering altar of Xom.
 12864 | D:8      | Found a sacrificial altar of Ru.
 13378 | D:8      | Reached XP level 11. HP: 40/75 MP: 14/14
 13729 | D:9      | Found a staircase to the Lair.
 13754 | D:9      | Noticed Erica
 13780 | D:9      | Killed Erica
 13780 | D:9      | Reached skill level 10 in Short Blades
 13784 | D:9      | Reached skill level 5 in Invocations
 14053 | D:9      | Reached skill level 14 in Stealth
 14225 | D:9      | Found a blossoming altar of Fedhas.
 14383 | D:8      | Reached **** piety under Lugonu
 14807 | D:9      | Found a staircase to the Orcish Mines.
 15141 | D:9      | Received a gift from Lugonu
 15159 | D:10     | Entered Level 10 of the Dungeon
 15159 | D:10     | Noticed Psyche
 15169 | D:9      | Killed Psyche
 15704 | Lair:1   | Entered Level 1 of the Lair of Beasts
 15890 | Lair:1   | Noticed a six-headed hydra
 16164 | D:10     | Noticed Grum
 16186 | D:10     | Killed Grum
 16483 | D:10     | Noticed a six-headed hydra
 16491 | D:10     | Killed a six-headed hydra
 16491 | D:10     | Reached skill level 15 in Stealth
 16491 | D:10     | Reached XP level 12. HP: 84/84 MP: 16/16
 17521 | D:10     | Demolished by a white ugly thing

Skill      XL: |  1  2  3  4  5  6  7  8  9 10 11 12 |
---------------+-------------------------------------+-----
Stealth        | 6 7 9 10 12 13 15 | 15.2
Dodging        | 1 2 3 4 5 6 8 |  8.4
Short Blades   | 3 4 5 6 7 8 9 10 11 | 11.1
Fighting       | 3 4 5 7 8 |  8.6
Armour         | 1 3 4 |  4.9
Invocations    | 2 4 6 |  6.4
Throwing       | |  0.4
Evocations     | |  2.5

Action                   |  1- 3 |  4- 6 |  7- 9 | 10-12 || total
-------------------------+-------+-------+-------+-------++-------
Melee: Dagger            |    89 |   210 |   693 |   873 ||  1865
       Kick              |    16 |    65 |   217 |   325 ||   623
 Fire: Blowgun           |       |       |    17 |       ||    17
Throw: Stone             |       |       |     3 |    12 ||    15
Invok: Bend Space        |       |       |       |     1 ||     1
       Banish            |       |       |       |     1 ||     1
  Use: Potion            |     4 |     5 |     1 |     4 ||    14
       Scroll            |     1 |     2 |     4 |     1 ||     8
 Stab: Sleeping          |    10 |    18 |    17 |    15 ||    60
       Distracted        |       |     1 |     1 |     2 ||     4
       Invisible         |       |       |       |     2 ||     2
  Eat: Chunk             |     9 |     9 |    18 |    25 ||    61
Armor: Robe              |    10 |    23 |       |    25 ||    58
       Leather armour    |       |     4 |    78 |    51 ||   133
Dodge: Dodged            |    52 |   115 |   383 |   493 ||  1043
